 Dungeon Crawl Stone Soup version 0.27-a0-1287-gca74d27db6 (webtiles) character file.

Game seed: 17085603650449689983

1999 freelancePsychic the Skirmisher (level 9, -13/72 HPs)
             Began as a Demonspawn Warper on June 15, 2021.
             Was a Believer of Okawaru.
             Killed from afar by a gargoyle (24 damage)
             ... with a stone arrow
             ... on level 6 of the Dungeon.
             The game lasted 00:12:56 (5727 turns).

freelancePsychic the Skirmisher (Demonspawn Warper) Turns: 5727, Time: 00:12:56

Health: -13/72     AC:  7    Str: 13    XL:     9   Next: 2%
Magic:  0/12       EV: 11    Int: 16    God:    Okawaru [**....]
Gold:   362        SH:  0    Dex: 13    Spells: 7/12 levels left

rFire    + . .     SeeInvis .   j - +3 dagger (drain)
rCold    + . .     Faith    .   (no shield)
rNeg     . . .     Spirit   +   l - +0 ring mail
rPois    .         Reflect  .   (helmet restricted)
rElec    .         Harm     .   c - scarf {rC+ rF+}
rCorr    .         Rampage  .   (no gloves)
Will     .....                  (no boots)
Stlth    +.........             k - amulet of guardian spirit
HPRegen  0.22/turn              (no ring)
MPRegen  0.13/turn              (no ring)

@: no status effects
A: horns 2, slimy green scales 1, powered by death 2, demonic magic 2
a: Renounce Religion, Heroism


You were on level 6 of the Dungeon.
You worshipped Okawaru.
Okawaru was pleased with you.
You visited 2 branches of the dungeon, and saw 7 of its levels.

You collected 362 gold pieces.

Inventory:

Hand Weapons
 a - a +0 short sword
 f - a +2 short sword of protection
 j - a +3 dagger of draining (weapon)
 v - a +0 hand crossbow
 D - a +0 shortbow
 N - a +0 vampiric lajatang
Missiles
 e - 2 boomerangs of dispersal (quivered)
 y - 3 curare-tipped darts
 C - 3 atropa-tipped darts
 E - 35 arrows
Armour
 b - a +0 leather armour
 c - a scarf of resistance (worn)
 l - a +0 ring mail (worn)
 q - the +4 buckler of Pride {-Cast rPois Will+ SInv}
   (You found it on level 4 of the Dungeon)

   It protects you from poison.
   It lets you see invisible.
   It prevents spellcasting.
   It increases your willpower.
 G - a +0 chain mail of fire resistance
Jewellery
 k - an amulet of guardian spirit (around neck)
 p - an amulet of magic regeneration
 O - a ring of protection from fire
Wands
 u - a wand of charming (12)
 L - a wand of iceblast (4)
Scrolls
 h - 3 scrolls of identify {unknown}
 m - a scroll of amnesia
 n - a scroll of magic mapping {unknown}
 w - 3 scrolls of enchant armour {unknown}
 x - a scroll of teleportation {unknown}
 F - a scroll of acquirement {unknown}
 H - a scroll of torment {unknown}
 I - a scroll of enchant weapon
 K - a scroll of silence {unknown}
Potions
 g - a potion of mutation {unknown}
 i - 2 potions of brilliance {unknown}
 o - a potion of attraction {unknown}
 r - 2 potions of curing {@q1}
 s - a potion of flight {unknown}
 t - a potion of ambrosia {unknown}
 z - a potion of resistance
 A - a potion of degeneration {unknown}
 B - 3 potions of might {unknown}
 J - 2 potions of cancellation {unknown}
Miscellaneous
 M - a lightning rod (4/4)


   Skills:
 + Level 7.3 Fighting
 - Level 5.4 Short Blades
 - Level 0.2(3.3) Long Blades
 + Level 0.7 Staves
 - Level 0.9 Throwing
 - Level 0.8 Armour
 - Level 2.3 Dodging
 - Level 2.4 Spellcasting
 + Level 7.0 Translocations


You had 7 spell levels left.
You knew the following spells:

 Your Spells              Type           Power      Damage    Failure   Level
a - Blink                 Tloc           N/A        N/A       3%          2
b - Teleport Other        Tloc           24%        N/A       7%          3

Your spell library contained the following spells:

 Spells                   Type           Power      Damage    Failure   Level
 Gell's Gravitas          Tloc           12%        N/A       7%          3
 Lesser Beckoning         Tloc           12%        N/A       7%          3
 Animate Skeleton         Necr           2%         N/A       38%         1
 Beastly Appendage        Tmut           2%         N/A       38%         1
 Pain                     Necr           4%         1d4       38%         1
 Wereblood                Tmut           1%         N/A       54%         2
 Manifold Assault         Tloc           24%        N/A       54%         5
 Spider Form              Tmut/Pois      0%         N/A       77%         3
 Vampiric Draining        Necr           0%         2d6       77%         3
 Animate Dead             Necr           0%         N/A       99%         4
 Ice Form                 Ice/Tmut       1%         N/A       99%         4
 Agony                    Necr           1%         N/A       100%        5


Dungeon Overview and Level Annotations

Branches:
Dungeon (6/15)             Temple (1/1) D:6

Altars:
Ashenzari
Cheibriados
Dithmenos
Elyvilon
Fedhas
Gozag
Hepliaklqana
Nemelex Xobeh
Okawaru
Qazlal
Ru
Sif Muna
Vehumet
Wu Jian
Xom
Zin

Shops:
D:2 [

Annotations:
D:6 2 runed translucent doors


Innate Abilities, Weirdness & Mutations

You have a pair of horns on your head.
You are partially covered in slimy green scales. (AC +2)
You regenerate health from kills.
Spells you cast may paralyse nearby enemies.


Message History

Press: ? - help, Shift-Dir - straight line, f - gargoyle
Aim: a gargoyle, wielding a +0 mace (lightly damaged, chance to affect: 47%)
The gargoyle resists with some effort.
Malevolent energies surge around you.
The gargoyle hurls a stone arrow at you.
The stone arrow hits you!
Casting: Teleport Other (dangerous; 7% risk of failure)
Confirm with . or Enter, or press ? or * to list all spells.
You don't have enough magic to cast this spell.
Unknown command.
Throw: 4 boomerangs (disperse)
Press: ? - help, Q - select action, (/) - cycle Shift-Dir - straight line, f/p - gargoyle
Aim: a gargoyle, wielding a +0 mace (lightly damaged, 75% to hit)
You throw a boomerang of dispersal.
The boomerang of dispersal closely misses the gargoyle.
The gargoyle misses you.
Throw: 3 boomerangs (disperse)
Press: ? - help, Q - select action, (/) - cycle Shift-Dir - straight line, f/p - gargoyle
Aim: a gargoyle, wielding a +0 mace (lightly damaged, 75% to hit)
You throw a boomerang of dispersal.
The boomerang of dispersal hits the gargoyle but does no damage.
The gargoyle is lightly damaged.
The gargoyle hurls a stone arrow at you.
The stone arrow hits you!!
* * * LOW HITPOINT WARNING * * *
It was a potion of curing.
You feel better. The gargoyle hits you with a +0 mace.
* * * LOW HITPOINT WARNING * * *
You feel better. The gargoyle hits you with a +0 mace!
* * * LOW HITPOINT WARNING * * *
The gargoyle hurls a stone arrow at you.
The stone arrow misses you.
Blink to where?
Press: ? - help, Dir - move target, p - gargoyle
As you read the scroll of blinking, it crumbles to dust.
Blink to where?
Press: ? - help, Dir - move target
As you read the scroll of blinking, it crumbles to dust.
The gargoyle hurls a stone arrow at you.
The stone arrow hits you!!
You die...

#...'......+..#
##>.#8....8#..####
.#..##8..8##.....##
..)..######.......#
.###'# #'###9..#
##.#.### #..§##..#
#.#(##.# ##.#.#..#
#.###..# #.##§#..#
#.#..#### ##[#9#@.#
#.#.##.##..###.#..#
##....####..†.##..#
.######..######...#
..................#
######....#.####.##
#.#<........#
#......######
########


You could see a gargoyle.

Vanquished Creatures
  A cyclops (D:6)
  A troll (D:6)
  A yak (D:6)
  A water moccasin (D:6)
  A necrophage (D:6)
  An ogre (D:6)
  A centaur (D:5)
  A phantom (D:6)
  A bullfrog (D:6)
  A scorpion (D:6)
  A water moccasin zombie (D:5)
  A water moccasin skeleton (D:4)
  A howler monkey (D:6)
  A centaur zombie (D:6)
  3 hounds
  2 jellies (D:6)
  A bullfrog skeleton (D:4)
  A gnoll shaman (D:6)
  2 iguanas
  Natasha (D:2)
  A hound skeleton (D:4)
  Robin (D:2)
  3 gnolls (D:6)
  6 adders
  A shadow imp (D:5)
  3 white imps
  An adder skeleton (D:4)
  3 worms
  A dart slug (D:1)
  5 orcs
  An endoplasm (D:4)
  5 giant cockroaches
  12 goblins
  18 hobgoblins
  13 jackals
  3 quokkas
  4 ball pythons
  2 bats (D:2)
  4 frilled lizards
  10 kobolds
  A rat (D:1)
122 creatures vanquished.

Notes
Turn   | Place    | Note
-------+----------+-------------------------------------------
     0 | D:1      | freelancePsychic the Demonspawn Warper began the quest for
                  | the Orb.
     0 | D:1      | Reached XP level 1. HP: 16/16 MP: 3/3
   190 | D:1      | Gained mutation: You regenerate a little health from kills.
                  | [demonic ancestry]
   190 | D:1      | Reached XP level 2. HP: 11/22 MP: 5/5
   836 | D:1      | Gained mutation: You regenerate health from kills. [demonic
                  | ancestry]
   836 | D:1      | Reached XP level 3. HP: 27/27 MP: 6/6
  1111 | D:2      | Noticed Robin
  1157 | D:2      | Killed Robin
  1483 | D:2      | Found Beana's Armour Boutique.
  1491 | D:2      | Learned a level 2 spell: Blink
  1506 | D:2      | Noticed Natasha
  1514 | D:2      | Killed Natasha
  1515 | D:2      | Gained mutation: You are partially covered in slimy green
                  | scales. (AC +2) [demonic ancestry]
  1515 | D:2      | Reached XP level 4. HP: 33/34 MP: 5/7
  1880 | D:3      | Found a faded altar of an unknown god.
  1908 | D:3      | Found a shadowy altar of Dithmenos.
  1910 | D:3      | Found a broken altar of Ashenzari.
  2459 | D:3      | Gained mutation: Spells you cast may paralyse adjacent
                  | enemies. [demonic ancestry]
  2459 | D:3      | Reached XP level 5. HP: 35/41 MP: 5/8
  2866 | D:4      | Identified the +4 buckler of Pride {-Cast rPois Will+ SInv}
  2971 | D:4      | Gained mutation: You have a pair of small horns on your
                  | head. [demonic ancestry]
  2971 | D:4      | Reached XP level 6. HP: 48/48 MP: 9/9
  3308 | D:5      | Entered Level 5 of the Dungeon
  4207 | D:6      | Gained mutation: You have a pair of horns on your head.
                  | [demonic ancestry]
  4207 | D:6      | Reached XP level 7. HP: 51/55 MP: 10/10
  4538 | D:6      | Found a shimmering blue altar of Sif Muna.
  4662 | D:6      | Found a staircase to the Ecumenical Temple.
  4677 | D:6      | Reached skill level 5 in Fighting
  4677 | D:6      | Reached skill level 5 in Translocations
  4682 | Temple   | Entered the Ecumenical Temple
  4994 | Temple   | Became a worshipper of Warmaster Okawaru
  5020 | D:6      | Learned a level 3 spell: Teleport Other
  5040 | D:6      | Found a large runed translucent door.
  5042 | D:6      | Found a large runed translucent door.
  5133 | D:6      | Noticed a cyclops
  5168 | D:6      | Killed a cyclops
  5168 | D:6      | Reached * piety under Okawaru
  5169 | D:6      | Reached skill level 5 in Short Blades
  5169 | D:6      | Reached XP level 8. HP: 31/64 MP: 4/11
  5176 | D:6      | Noticed a troll
  5527 | D:6      | Killed a troll
  5527 | D:6      | Reached ** piety under Okawaru
  5530 | D:6      | Found a large runed translucent door.
  5530 | D:6      | Found a large runed translucent door.
  5695 | D:6      | Noticed a gargoyle
  5703 | D:6      | Gained mutation: Spells you cast may paralyse nearby
                  | enemies. [demonic ancestry]
  5703 | D:6      | Reached XP level 9. HP: 58/71 MP: 8/12
  5714 | D:6      | HP: 3/72 [gargoyle/stone arrow (21)]
  5727 | D:6      | Killed from afar by a gargoyle

Illustrated notes

Levels and vault maps discovered:
D:1:      lightli_arrival_farm, layout_basic, st_stairs_2,
          amcnicky_mini_rare_corridor_liquid
D:2:      layout_loops_cross, serial_shops, nicolae_shop_behind_doors,
          kennysheep_small_spiral, uniq_natasha, uniq_robin
D:3:      layout_loops_ring, nicolae_overflow_hidden_temple,
          basic_ecumenical_altar
D:4:      layout_rooms
D:5:      layout_basic
D:6:      layout_basic, amcnicky_altar_gilded, minmay_temple_entry_stoned_glass,
          minmay_hollow_rounded_squares
Temple:   dshaligram_water_room_temple

Skill      XL: |  1  2  3  4  5  6  7  8 |
---------------+-------------------------+-----
Short Blades   | 2 3 4 5 |  5.4
Dodging        | 2 |  2.3
Translocations | 3 4 5 7 |  7.0
Fighting       | 3 4 5 7 |  7.3
Long Blades    | |  0.2
Staves         | |  0.7
Throwing       | |  0.9
Armour         | |  0.8
Spellcasting   | |  2.4

Action                   |  1- 3 |  4- 6 |  7- 9 || total
-------------------------+-------+-------+-------++-------
Melee: Short sword       |   105 |       |       ||   105
       Dagger            |    71 |   197 |   183 ||   451
       Headbutt          |       |     7 |    32 ||    39
Throw: Boomerang         |     1 |       |     2 ||     3
 Cast: Teleport Other    |       |       |     1 ||     1
       Blink             |       |       |     1 ||     1
Invok: Heroism           |       |       |     1 ||     1
  Use: Scroll            |     2 |       |     2 ||     4
       Potion            |       |       |     2 ||     2
 Stab: Sleeping          |       |       |     1 ||     1
Armor: Leather armour    |    42 |       |       ||    42
       Ring mail         |     7 |    76 |    46 ||   129
Dodge: Dodged            |    92 |    84 |    67 ||   243
Block: Buckler           |       |    41 |       ||    41

Table legend: (Time is in decaauts)
 A = Elapsed time spent in this place.
 B = Non-inter-level travel time spent in this place.
 C = Inter-level travel time spent in this place.
 D = Time resting spent in this place.
 E = Time spent auto-exploring this place.
 F = Levels seen in this place.
 G = Mean time per level.
                   A        B        C        D        E       F      G
               +--------+--------+--------+--------+--------+-----+--------+
         Total |   5679 |   5480 |    199 |    146 |   4322 |   7 |  811.3 |
       Dungeon |   5346 |   5167 |    179 |    146 |   4054 |   6 |  891.0 |
        Temple |    332 |    312 |     20 |      0 |    268 |   1 |  332.0 |
               +--------+--------+--------+--------+--------+-----+--------+

Top non-repeatable levels by time:
     D:6: 1191 daAuts
     D:1: 1173 daAuts
     D:3: 1074 daAuts
     D:5: 840 daAuts
     D:2: 660 daAuts
     D:4: 405 daAuts
  Temple: 332 daAuts
